 Dungeon Crawl Stone Soup version 0.23.2 (webtiles) character file.

Game seed: 17119538770285005294

13150 Borgoz the Slicer (level 12, -4/73 HPs)
             Began as a Gargoyle Gladiator on Apr 8, 2019.
             Was a Follower of Ashenzari.
             Slain by a manticore (16 damage)
             ... on level 12 of the Dungeon.
             The game lasted 00:32:13 (10302 turns).

Borgoz the Slicer (Gargoyle Gladiator)             Turns: 10302, Time: 00:32:14

Health: -4/73      AC: 14    Str: 28    XL:     12   Next: 3%
Magic:  12/12      EV: 17    Int: 12    God:    Ashenzari [*.....]
Gold:   845        SH:  0    Dex: 13    Spells: 11/11 levels left

rFire    . . .     SeeInvis .   a - +3 short sword (drain)
rCold    + . .     Gourm    .   (no shield)
rNeg     + . .     Faith    .   J - +0 leather armour
rPois    ∞         Spirit   .   c - +0 helmet
rElec    +         Reflect  .   D - +0 cloak
rCorr    +         Harm     .   (no gloves)
MR       +....                  (no boots)
Stlth    ++++......             e - amulet of regeneration
HPRegen  0.62/turn              m - ring of protection from cold
MPRegen  0.13/turn              E - ring of Fipyb {rCorr MR+ Str+8 Int+4} (curse)

@: flying
A: big wings, clumsy 1, deformed body, negative energy resistance 1, electricity
resistance, unbreathing, petrification resistance, rot immunity, AC +8
a: Stop Flying, Curse Item, Scrying, Renounce Religion


You were on level 12 of the Dungeon.
You worshipped Ashenzari.
Ashenzari was aware of your devotion.
You were not hungry.

You visited 2 branches of the dungeon, and saw 13 of its levels.
You also visited: Bailey.

You collected 845 gold pieces.

Inventory:

Hand Weapons
 a - a +3 short sword of draining (weapon)
 b - a +0 dagger of venom
 d - a +4 dagger of distortion
 u - a +0 rapier
 T - a +2 dagger of freezing
Missiles
 L - a throwing net (quivered)
 Q - 14 javelins of returning
Armour
 c - a +0 helmet (worn)
 D - a +0 cloak (worn)
 J - a +0 leather armour (worn)
 M - a +1 cloak
Jewellery
 e - an amulet of regeneration (around neck)
 m - a ring of protection from cold (left hand)
 y - a +2 ring of evasion
 E - the cursed ring of Fipyb (right hand) {rCorr MR+ Str+8 Int+4}
   (You found it on level 6 of the Dungeon)

   [ring of resist corrosion]

   It affects your strength (+8).
   It affects your intelligence (+4).
   It affects your resistance to hostile enchantments.
   It has a curse placed upon it.
 O - an uncursed ring of see invisible
 P - an uncursed ring of protection from magic
 U - an uncursed ring of ice
Wands
 B - a wand of random effects (8)
 C - a wand of scattershot (5)
 I - a wand of flame (20)
 K - a wand of paralysis (9)
 S - a wand of disintegration (8)
Scrolls
 g - 2 scrolls of enchant weapon {unknown}
 i - 2 scrolls of fog {unknown}
 j - a scroll of blinking {unknown}
 l - 5 scrolls of magic mapping
 n - 2 scrolls of fear {unknown}
 r - 2 scrolls of remove curse
 s - 4 scrolls of teleportation
 v - a scroll of acquirement {unknown}
 G - a scroll of amnesia {unknown}
 N - a scroll of enchant armour {unknown}
 R - a scroll of torment {unknown}
Potions
 h - 2 potions of flight
 k - a potion of resistance
 o - 3 potions of degeneration
 p - a potion of ambrosia
 q - 2 potions of lignification
 t - a potion of mutation
 w - 7 potions of curing
 z - a potion of brilliance
 F - 3 potions of might
 H - a potion of berserk rage {unknown}
Comestibles
 f - 19 rations
 x - a chunk of flesh


   Skills:
 + Level 8.1 Fighting
 * Level 9.7 Short Blades
 - Level 1.7 Throwing
 + Level 7.9 Armour
 * Level 9.0 Dodging
 + Level 8.6 Stealth


You had 11 spell levels left.
You didn't know any spells.
Your spell library contained the following spells:

 Spells                   Type           Power        Failure   Level  Hunger
 Confusing Touch          Hex            #.....       36%         1    ##.....
 Confuse                  Hex            #.......     73%         3    ####...
 Gell's Gravitas          Tloc           #.........   73%         3    ####...
 Petrify                  Tmut/Erth      #.......     98%         4    #####..
 Metabolic Englaciation   Hex/Ice        #.........   100%        5    ######.
 Yara's Violent Unravell  Hex/Tmut       #.........   100%        5    ######.


Dungeon Overview and Level Annotations

Branches:
Dungeon (12/15)            Temple (1/1) D:7            Lair (0/6) D:8
    Orc (0/2) D:9

Altars:
Ashenzari
Cheibriados
Dithmenos
Elyvilon
Fedhas
Gozag
Hepliaklqana
Kikubaaqudgha
Makhleb
Nemelex Xobeh
Okawaru
Qazlal
Ru
Sif Muna
Trog
Uskayaw
Wu Jian
Xom
Yredelemnul
Zin
The Shining One
Jiyva

Shops:
D:9 !

Annotations:
D:10 1 runed translucent door


Innate Abilities, Weirdness & Mutations

You are resistant to torment.
Your stone body is resilient. (AC +8)
You are immune to poison.
You resist negative energy. (rN+)
You are resistant to electric shocks. (rElec)
You can survive without breathing.
You are immune to petrification.
You are immune to rotting.
Your large and strong wings let you fly indefinitely.
You are clumsy. (Dex -2)
Armour fits poorly on your strangely shaped body.


Message History

The manticore is lightly wounded.
Your leather armour prevents you from hitting the manticore.
The manticore is lightly wounded.
You hit the manticore.
The manticore is moderately wounded.
The manticore barely misses you. The manticore misses you.
The manticore completely misses you. The steam dragon barely misses you.
The steam dragon completely misses you.
You hit the steam dragon.
You kill the steam dragon!
The uncursed steam dragon scales are intact enough to wear.
You puncture the manticore!
The manticore is heavily wounded.
The manticore bites you. The manticore claws you!
* * * LOW HITPOINT WARNING * * *
The manticore misses you.
You hit the manticore but do no damage.
The manticore is heavily wounded.
The manticore bites you!
You die...

#... #....# #....
#....# #.... #....# .
#...>####....###..
..................
..................
...................
#)...@......... .
#.†..H[........
...#####.).>..........
......................
.....................$
......................
......................
##.........###........
#.........# #<.......


You could see a manticore.

Vanquished Creatures
  A hydra (D:11)
  Erolcha (D:9)
  Nergalle (D:12)
  Pikel (D:5)
  2 ugly things
  Psyche (D:9)
  2 trolls (D:11)
  A hippogriff (D:9)
  A water elemental (D:11)
  An air elemental (D:11)
  Eustachio (D:6)
  A human (D:8)
  9 yaks
  3 hogs (D:8)
  A fire elemental (D:11)
  A steam dragon (D:12)
  Edmund (D:5)
  A water moccasin (D:8)
  12 orc warriors
  A black bear (D:10)
  An eye of draining (D:10)
  A sky beast (D:8)
  3 ice beasts
  A necrophage (D:6)
  4 ogres
  15 centaurs
  A crocodile (D:8)
  A big kobold (D:8)
  Blork the orc (D:5)
  9 bullfrogs
  An earth elemental (D:11)
  4 scorpions
  3 killer bees (D:9)
  3 electric eels (D:9)
  A crimson imp (D:8)
  3 bullfrog zombies
  A centaur zombie (D:8)
  5 hounds
  5 jellies
  8 orc priests
  8 orc wizards
  Crazy Yiuf (D:5)
  A centaur skeleton (D:8)
  Natasha (thrice) (D:2)
  Terence (D:2)
  3 iguanas
  5 worker ants
  2 killer bee zombies
  A hound skeleton (D:6)
  A howler monkey zombie (D:5)
  2 worker ant zombies
  A howler monkey skeleton (D:5)
  11 adders
  3 shadow imps
  An ooze (D:7)
  An adder zombie (D:5)
  2 adder skeletons
  2 worms
  3 dart slugs
  8 leopard geckos
  56 orcs
  9 bats
  4 giant cockroaches (D:1)
  3 goblins (D:1)
  10 hobgoblins
  20 jackals
  3 quokkas
  4 ball pythons
  8 frilled lizards
  12 kobolds
  A leopard gecko skeleton (D:4)
  A quokka skeleton (D:6)
  12 rats
317 creatures vanquished.

Vanquished Creatures (others)
  A plant (D:8)
1 creature vanquished.

Grand Total: 318 creatures vanquished

Notes
Turn   | Place    | Note
-------+----------+-------------------------------------------
     0 | D:1      | Borgoz the Gargoyle Gladiator began the quest for the Orb.
     0 | D:1      | Reached XP level 1. HP: 12/12 MP: 1/1
    71 | D:1      | Reached XP level 2. HP: 17/17 MP: 2/2
   355 | D:1      | Reached XP level 3. HP: 22/22 MP: 3/3
   531 | D:1      | Reached skill level 1 in Armour
  1120 | D:2      | Reached skill level 1 in Stealth
  1125 | D:2      | Reached XP level 4. HP: 27/27 MP: 4/4
  1191 | D:2      | Noticed Terence
  1214 | D:2      | Killed Terence
  1284 | D:2      | Reached XP level 5. HP: 32/32 MP: 5/5
  1305 | D:2      | Noticed Natasha
  1316 | D:2      | Killed Natasha
  1323 | D:2      | Found a bloodstained altar of Trog.
  1680 | D:2      | Noticed Natasha
  1785 | D:2      | Killed Natasha
  1785 | D:2      | Reached XP level 6. HP: 33/37 MP: 6/6
  1872 | D:2      | Noticed Natasha
  1881 | D:2      | Killed Natasha
  2635 | D:3      | Found a glowing golden altar of the Shining One.
  3043 | D:4      | Reached XP level 7. HP: 37/41 MP: 7/7
  3386 | D:5      | Entered Level 5 of the Dungeon
  3617 | D:5      | Found a runed translucent door.
  3618 | D:5      | Noticed Crazy Yiuf
  3694 | D:5      | Noticed Pikel
  3711 | D:5      | Killed Pikel
  3711 | D:5      | Reached skill level 5 in Short Blades
  3711 | D:5      | Reached XP level 8. HP: 40/48 MP: 8/8
  3798 | D:5      | Noticed Blork the orc
  3825 | D:5      | Gained mutation: You passively map a small area around you.
                  | [potion of mutation]
  3825 | D:5      | Gained mutation: You are occasionally teleported next to
                  | monsters. [potion of mutation]
  3825 | D:5      | Gained mutation: You have supernaturally acute eyesight.
                  | (SInv) [potion of mutation]
  3830 | D:5      | Killed Blork the orc
  3904 | D:5      | Noticed Edmund
  3918 | D:5      | Killed Edmund
  3918 | D:5      | Reached skill level 5 in Dodging
  4164 | D:5      | Killed Crazy Yiuf
  4531 | D:6      | Got a brightly glowing bone ring
  4587 | D:6      | Noticed Eustachio
  4594 | D:6      | Reached XP level 9. HP: 51/53 MP: 9/9
  4610 | D:6      | Reached skill level 5 in Fighting
  4649 | D:6      | Killed Eustachio
  4649 | D:6      | Reached skill level 5 in Stealth
  4660 | D:6      | Lost mutation: You are occasionally teleported next to
                  | monsters. [potion of mutation]
  4660 | D:6      | Lost mutation: You passively map a small area around you.
                  | [potion of mutation]
  4660 | D:6      | Lost mutation: You have supernaturally acute eyesight.
                  | (SInv) [potion of mutation]
  4660 | D:6      | Gained mutation: Armour fits poorly on your strangely
                  | shaped body. [potion of mutation]
  4660 | D:6      | Gained mutation: You are clumsy. (Dex -2) [potion of
                  | mutation]
  4660 | D:6      | Gained mutation: Your large and strong wings let you fly
                  | indefinitely. [potion of mutation]
  4722 | D:7      | Found a staircase to the Ecumenical Temple.
  4961 | D:7      | Found an ornate altar of the Wu Jian Council.
  4981 | D:7      | Found a shattered altar of Ashenzari.
  5102 | D:7      | Reached skill level 5 in Armour
  5125 | D:7      | Found a hide-covered altar of Uskayaw.
  5482 | D:8      | Identified the ring of Fipyb {rCorr MR+ Str+8 Int+4} (You
                  | found it on level 6 of the Dungeon)
  5561 | D:8      | Reached XP level 10. HP: 59/60 MP: 10/10
  6365 | D:8      | Found a staircase to the Lair.
  6472 | D:9      | Noticed Psyche
  6497 | D:9      | Killed Psyche
  6533 | D:9      | Found a blossoming altar of Fedhas.
  6561 | D:9      | Noticed Erolcha
  6564 | D:9      | Noticed an angel
  6570 | D:9      | Killed Erolcha
  6571 | D:9      | Found a glowing silver altar of Zin.
  6574 | D:9      | Found a shimmering altar of Xom.
  6590 | D:9      | Found a transporter.
  6609 | D:9      | Found a staircase to the Orcish Mines.
  6638 | D:9      | Found a transporter.
  6663 | D:9      | Found Jufoung's Distillery.
  6694 | D:9      | Found a viscous altar of Jiyva.
  7040 | D:9      | Reached XP level 11. HP: 64/67 MP: 11/11
  7388 | D:7      | Became a worshipper of Ashenzari the Shackled
  7435 | Temple   | Entered the Ecumenical Temple
  7620 | D:10     | Entered Level 10 of the Dungeon
  7631 | D:10     | Found a flagged portal.
  7770 | D:10     | Found a glowing golden altar of the Shining One.
  7770 | D:10     | Found a runed translucent door.
  7770 | D:10     | Noticed an angel
  7879 | Bailey   | Entered a bailey
  9128 | D:11     | Noticed a five-headed hydra
  9131 | D:11     | Killed a five-headed hydra
  9195 | D:11     | Found a large runed translucent door.
  9257 | D:11     | Noticed a green ugly thing
  9278 | D:11     | Killed a green ugly thing
  9434 | D:11     | Reached * piety under Ashenzari
  9628 | D:11     | Found a large runed translucent door.
 10220 | D:12     | Noticed a manticore
 10232 | D:12     | Noticed Nergalle
 10257 | D:12     | Killed Nergalle
 10258 | D:12     | Noticed a brown ugly thing
 10287 | D:12     | Killed a brown ugly thing
 10287 | D:12     | Reached XP level 12. HP: 28/73 MP: 12/12
 10302 | D:12     | Slain by a manticore

Skill      XL: |  1  2  3  4  5  6  7  8  9 10 11 |
---------------+----------------------------------+-----
Short Blades   | 3 4 5 6 7 8 9 |  9.7
Armour         | 1 2 3 4 5 6 7 |  7.9
Stealth        | 1 2 3 4 6 7 8 |  8.6
Dodging        | 3 4 5 6 7 9 |  9.0
Fighting       | 3 4 6 7 8 |  8.1
Throwing       | |  1.7

Action                   |  1- 3 |  4- 6 |  7- 9 | 10-12 || total
-------------------------+-------+-------+-------+-------++-------
Melee: Rapier            |   123 |   188 |       |       ||   311
       Short sword       |       |    72 |   461 |   754 ||  1287
Throw: Throwing net      |       |     3 |       |     2 ||     5
Invok: Curse Item        |       |       |       |     1 ||     1
 Abil: Fly               |       |       |     1 |       ||     1
Evoke: Wand              |       |       |       |     3 ||     3
  Use: Potion            |       |       |     5 |     5 ||    10
       Scroll            |       |       |     5 |     6 ||    11
 Stab: Sleeping          |     1 |     2 |     4 |    13 ||    20
       Distracted        |       |       |       |     5 ||     5
       Held in net/web   |       |       |       |     1 ||     1
       Paralysed         |       |       |       |     1 ||     1
  Eat: Chunk             |       |     7 |     9 |    10 ||    26
       Ration            |       |       |       |     2 ||     2
Armor: Leather armour    |    52 |    88 |   104 |   225 ||   469
Dodge: Dodged            |   106 |   187 |   279 |   579 ||  1151
